 Dungeon Crawl Stone Soup version 0.30-a0-845-g7c6808c8ce (webtiles) character file.

Game seed: 11401771471253869400

68 avis the Shooter (level 3, -3/31 HPs)
             Began as a Demigod Hunter on Mar 3, 2023.
             Slain by a hound (5 damage)
             ... on level 2 of the Dungeon.
             The game lasted 00:07:12 (1007 turns).

avis the Shooter (Demigod Hunter)                   Turns: 1007, Time: 00:07:13

Health: -3/31      AC:  3    Str: 12    XL:     3   Next: 73%
Magic:  5/5        EV: 12    Int: 11    God:
Gold:   56         SH:  0    Dex: 21    Spells: 2/2 levels left

rFire   . . .      SeeInvis .    b - +0 shortbow
rCold   . . .      Faith    .    (shield currently unavailable)
rNeg    . . .      Spirit   .    c - +0 leather armour
rPois   .          Reflect  .    (no helmet)
rElec   .          Rampage  .    (no cloak)
rCorr   .                        (no gloves)
Will    .....                    (no boots)
Stlth   ++                       (no amulet)
HPRegen 0.25/turn                (no ring)
MPRegen 0.09/turn                (no ring)

@: no status effects
A: high MP 1, forlorn, divine attributes
a: no special abilities


You were on level 2 of the Dungeon.
You visited 1 branch of the dungeon, and saw 3 of its levels.

You collected 56 gold pieces.

Inventory:

Hand Weapons
 a - a +1 dagger of venom
 b - a +0 shortbow (weapon)
 m - the +3 short sword "Culluq Zacau" {heavy, Contam rElec rCorr}
   (You found it on level 2 of the Dungeon)

   rElec:     It insulates you from electricity.
   Contam:    It causes magical contamination when unequipped.
   rCorr:     It protects you from acid and corrosion.
 w - a +0 falchion
Armour
 c - a +0 leather armour (worn)
Wands
 o - a wand of flame (9)
Scrolls
 d - a scroll of identify {unknown}
 e - a scroll of immolation
 f - a scroll of fear {unknown}
 k - a scroll of enchant armour {unknown}
 l - a scroll of teleportation {unknown}
 n - a scroll of brand weapon {unknown}
Potions
 g - a potion of resistance {unknown}
 h - a potion of lignification {unknown}
 i - a potion of flight {unknown}
 j - a potion of brilliance {unknown}


   Skills:
 - Level 3.0 Fighting
 * Level 4.3 Ranged Weapons
 - Level 2.0 Dodging
 - Level 1.0 Stealth


You had 2 spell levels left.
You didn't know any spells.
Your spell library was empty.

Dungeon Overview and Level Annotations

Branches:
Dungeon (3/15)


Innate Abilities, Weirdness & Mutations

You have an increased reservoir of magic. (+10% MP)
You shall have no god before yourself.
Your divine heritage dramatically boosts your attributes as you level up.


Message History

You kill Jessica!
The hound barely misses you. x2
Training target 3.0 for Fighting reached!
Your Fighting skill increases to level 3!
You need to enable at least one skill for training.
Unknown command.
Unknown command.
Fire: b) +0 shortbow
Press: ? - help, Q - select action, (/) - cycle Shift-Dir - straight line, f - hound
Aim: a hound (severely wounded, 56% to hit)
You shoot an arrow.
The arrow hits the hound but does no damage.
The hound is severely wounded.
The hound closely misses you. The hound barely misses you.
Fire: b) +0 shortbow
Press: ? - help, Q - select action, (/) - cycle Shift-Dir - straight line, f/p - hound
Aim: a hound (severely wounded, 56% to hit)
You shoot an arrow. The arrow barely misses the hound.
The hound barely misses you. The hound bites you.
* * * LOW HITPOINT WARNING * * *
Fire: b) +0 shortbow
Press: ? - help, Q - select action, (/) - cycle Shift-Dir - straight line, f/p - hound
Aim: a hound (severely wounded, 56% to hit)
You shoot an arrow. The arrow hits the hound.
The hound is almost dead.
The hound barely misses you. The hound bites you but does no damage.
Fire: b) +0 shortbow
Press: ? - help, Q - select action, (/) - cycle Shift-Dir - straight line, f/p - hound
Aim: a hound (almost dead, 56% to hit)
You shoot an arrow. The arrow closely misses the hound.
The hound bites you.
* * * LOW HITPOINT WARNING * * *
The hound closely misses you.
Unknown command.
Fire: b) +0 shortbow
Press: ? - help, Q - select action, (/) - cycle Shift-Dir - straight line, f/p - hound
Aim: a hound (almost dead, 56% to hit)
You shoot an arrow. The arrow closely misses the hound.
The hound bites you.
You die...

.# #...................)..# .#
#.......##..#.##.......# .#
#..........##..........## .#####
##)....###..##.........##
.....######...## #..#............
####.....##..#####..#....#.......
..............................<..
########.......###...............
### ####.#.>h@.....#.......... ..#
##...)..##)...##..##......
..######..#..#...................
.........................####....
...........#.....................
..#####.#..............######....
..##..................## #....
..#..##..#>.......###.# ##....
.รท.................#..######.....


You could see a hound.

Vanquished Creatures
  Jessica (D:2)
  A worm (D:2)
  A dart slug (D:1)
  4 endoplasms
  A giant cockroach (D:1)
  3 goblins (D:2)
  4 hobgoblins
  2 quokkas
  6 ball pythons
  4 bats
  2 frilled lizards (D:2)
  3 kobolds (D:1)
  4 rats
36 creatures vanquished.

Notes
Turn   | Place    | Note
-------+----------+-------------------------------------------
     0 | D:1      | avis the Demigod Hunter began the quest for the Orb.
     0 | D:1      | Reached XP level 1. HP: 17/17 MP: 3/3
   139 | D:1      | Reached skill level 4 in Ranged Weapons
   140 | D:1      | Reached XP level 2. HP: 24/24 MP: 4/4
   233 | D:1      | Reached skill level 1 in Stealth
   729 | D:2      | Reached XP level 3. HP: 30/30 MP: 5/5
   804 | D:2      | Identified the +3 short sword "Culluq Zacau" {heavy, Contam
                  | rElec rCorr}
   991 | D:3      | Noticed Jessica
  1002 | D:2      | Killed Jessica
  1006 | D:2      | HP: 1/31 [hound (5)]
  1007 | D:2      | Slain by a hound

Illustrated notes

Levels and vault maps discovered:
D:1:      onia_arrival_mini_maze, layout_basic
D:2:      layout_rooms
D:3:      layout_loops_cross, slow_altar_2, uniq_jessica

Skill      XL: |  1  2  3 |
---------------+----------+-----
Fighting       | 2 3 |  3.0
Ranged Weapons | 4 |  4.3
Dodging        | 2 |  2.0
Stealth        | 1 |  1.0

Action                     || total
---------------------------++-------
   Fire: Shortbow          ||    82
 Armour: Leather armour    ||    12
  Dodge: Dodged            ||    34

Table legend: (Time is in decaauts)
 A = Elapsed time spent in this place.
 B = Non-inter-level travel time spent in this place.
 C = Inter-level travel time spent in this place.
 D = Time resting spent in this place.
 E = Time spent auto-exploring this place.
 F = Levels seen in this place.
 G = Mean time per level.
                   A        B        C        D        E       F      G
               +--------+--------+--------+--------+--------+-----+--------+
         Total |   1037 |    864 |    173 |      0 |    561 |   3 |  345.7 |
       Dungeon |   1037 |    864 |    173 |      0 |    561 |   3 |  345.7 |
               +--------+--------+--------+--------+--------+-----+--------+

Top non-repeatable levels by time:
     D:1: 628 daAuts
     D:2: 358 daAuts
     D:3: 51 daAuts
